 Dungeon Crawl Stone Soup version 0.31-a0-210-gccc998df9b (webtiles) character file.

Game seed: 2235402186483024228

465 Ijustatesigmund the Stinger (level 7, -5/43 HPs)
             Began as an Octopode Venom Mage on June 29, 2023.
             Slain by Edmund
             ... wielding a +1 flail of protection
              (8 damage)
             ... on level 4 of the Dungeon.
             The game lasted 00:07:14 (4718 turns).

Ijustatesigmund the Stinger (Octopode Venom Mage)   Turns: 4718, Time: 00:07:15

Health: -5/43      AC:  1    Str:  7    XL:     7   Next: 8%
Magic:  6/12       EV: 13    Int: 20    God:
Gold:   180        SH:  0    Dex: 12    Spells: 1/13 levels left

rFire   + . .        c - +0 dagger (vamp)
rCold   + . .        (no shield)
rNeg    . . .        (helmet restricted)
rPois   .            (no amulet)
rElec   .            j - ring of protection from cold
rCorr   .            k - ring of protection from fire
SInv    +            o - ring of see invisible
Will    .....        (no ring)
Stlth   +++          (no ring)
HPRegen 0.27/turn    (no ring)
MPRegen 0.13/turn    (no ring)
                     (no ring)

%: no passive effects
@: no status effects
A: almost no armour, amphibious, 8 rings, camouflage 1, gelatinous body 1,
(nimble swimmer 1), tentacles
a: no special abilities


You were on level 4 of the Dungeon.
You visited 1 branch of the dungeon, and saw 4 of its levels.

You collected 180 gold pieces.

Inventory:

Hand Weapons
 c - a +0 vampiric dagger (weapon)
 g - the +3 quarterstaff of Eraexa {elec, *Noise rElec rPois Dex+2}
   (You found it on level 2 of the Dungeon)

   Dex:       It affects your dexterity (+2).
   rElec:     It insulates you from electricity.
   rPois:     It protects you from poison.
   *Noise:    It may make noises in combat.
 n - a +0 quarterstaff
Jewellery
 j - a ring of protection from cold (left tentacle)
 k - a ring of protection from fire (right tentacle)
 o - a ring of see invisible (on tentacle)
Wands
 m - a wand of flame (16)
Scrolls
 h - 2 scrolls of fear
 i - a scroll of teleportation
 p - a scroll of blinking
 q - a scroll of amnesia
Potions
 a - a potion of magic
 b - 2 potions of curing
 d - a potion of might {unknown}
 e - a potion of enlightenment {unknown}
 f - a potion of cancellation {unknown}
 l - a potion of lignification {unknown}
 r - a potion of heal wounds {unknown}


   Skills:
 - Level 1.1 Fighting
 - Level 2.0 Dodging
 - Level 2.6 Stealth
 + Level 3.8 Spellcasting
 + Level 2.9 Conjurations
 + Level 0.3 Translocations
 - Level 1.0 Transmutations
 + Level 3.0 Air Magic
 + Level 5.6 Poison Magic


You had one spell level left.
You knew the following spells:

 Your Spells              Type           Power      Damage    Failure   Level
a - Sting                 Tmut/Pois      68%        1d6       3%          1
b - Poisonous Vapours     Pois/Air       42%        N/A       3%          2
c - Mephitic Cloud        Conj/Pois/Air  19%        N/A       8%          3
d - Olgreb's Toxic Radia  Pois           26%        N/A       13%         4
e - Blink                 Tloc           10%        N/A       17%         2

Your spell library contained the following spells:

 Spells                   Type           Power      Damage    Failure   Level
 Momentum Strike          Conj/Tloc      20%        3d8       10%         2
 Lesser Beckoning         Tloc           10%        N/A       17%         2


Dungeon Overview and Level Annotations

Branches:
Dungeon (4/15)
 Temple: D:4-7

Altars:
Cheibriados

Annotations:
D:4 Edmund


Innate Abilities, Weirdness & Mutations

You cannot wear most types of armour.
You are amphibious.
You can wear up to eight rings at the same time.
Your skin changes colour to match your surroundings (Stealth+).
Your rubbery body absorbs attacks. (AC +1, EV +1)
((You are camouflaged when in or above water. (Stealth+)))
You have tentacles for arms and can constrict up to eight enemies at once.


Message History

You constrict Edmund, but do no damage.
Edmund chortles and stares into space.
Edmund hits you with a +1 flail of protection.
You hit Edmund but do no damage.
Edmund is moderately wounded.
You constrict Edmund, but do no damage. You hit Edmund but do no damage.
You squeeze Edmund, but do no damage.
Edmund is heavily wounded.
You constrict Edmund, but do no damage.
Edmund hits you with a +1 flail of protection!
You hit Edmund but do no damage.
Edmund is heavily wounded.
You constrict Edmund.
Edmund struggles to escape constriction.
You hit Edmund but do no damage. You squeeze Edmund.
Edmund is severely wounded.
You constrict Edmund, but do no damage.
Edmund hits you with a +1 flail of protection!
You hit Edmund but do no damage.
Edmund is severely wounded.
You constrict Edmund, but do no damage.
Edmund seems less confused.
Edmund barely misses you.
You hit Edmund.
Edmund is severely wounded.
You constrict Edmund, but do no damage.
Edmund hits you with a +1 flail of protection!
* * * LOW HITPOINT WARNING * * *
You hit Edmund but do no damage.
You tentacle-slap Edmund, but do no damage.
Edmund is severely wounded.
You constrict Edmund. Edmund closely misses you.
Okay, then.
You hit Edmund but do no damage. You squeeze Edmund, but do no damage.
Edmund is almost dead.
You constrict Edmund, but do no damage. Edmund barely misses you.
You hit Edmund but do no damage.
Edmund is almost dead.
You constrict Edmund, but do no damage.
Edmund hits you with a +1 flail of protection!
You die...

########... #### #.8..
#.......... #..## #....
#..#####... ....# ##.8..##
###''### ##.. .)..## #....#.##
#≈≈..≈≈# #.. .....##
#..8....####≈♣..♣≈#####. ......##
#..........+..##..'.# #. .......#
#.......@..+..##..'.# ## ....8..#
#......@# #≈♣..♣≈#.# # .......#
#.......## #≈≈..≈≈#.#### .......#
#........# ###''###...#.
.......####.......## #).........
........###.....#..####........#.
........##.#....#................
.÷....###..#....##..#............
########..###..###..#............
...#####.## #### ##.##...........


You could see Edmund (poisoned).

Vanquished Creatures
  Duvessa (D:4)
  A scorpion (D:4)
  Dowan (D:4)
  2 hounds (D:4)
  Natasha (D:4)
  An iguana (D:4)
  5 adders
  2 ufetubi (D:4)
  3 worms
  4 dart slugs
  8 endoplasms
  2 giant cockroaches
  9 goblins
  9 hobgoblins
  2 jackals (D:1)
  2 kobolds
  3 quokkas
  10 ball pythons
  5 bats
  A frilled lizard (D:2)
  5 rats
77 creatures vanquished.

Notes
Turn   | Place    | Note
-------+----------+-------------------------------------------
     0 | D:1      | Ijustatesigmund the Octopode Venom Mage began the quest for
                  | the Orb.
     0 | D:1      | Reached XP level 1. HP: 11/11 MP: 3/3
    77 | D:1      | Reached XP level 2. HP: 18/18 MP: 5/5
   129 | D:1      | Learned a level 2 spell: Poisonous Vapours
   169 | D:1      | Reached skill level 1 in Fighting
   243 | D:1      | Found a faded altar of an unknown god.
   302 | D:1      | Reached skill level 4 in Poison Magic
   472 | D:1      | Reached XP level 3. HP: 23/23 MP: 6/6
   476 | D:1      | Learned a level 3 spell: Mephitic Cloud
   903 | D:2      | Reached skill level 1 in Air Magic
  1083 | D:2      | Reached XP level 4. HP: 25/28 MP: 2/8
  1265 | D:2      | Identified the +3 quarterstaff of Eraexa {elec, *Noise
                  | rElec rPois Dex+2}
  1416 | D:2      | Reached skill level 1 in Conjurations
  1836 | D:3      | Found a snail-covered altar of Cheibriados.
  2876 | D:4      | Reached XP level 5. HP: 26/33 MP: 7/9
  3167 | D:4      | Reached skill level 5 in Poison Magic
  3167 | D:4      | Reached XP level 6. HP: 27/38 MP: 10/10
  3829 | D:4      | Noticed Dowan
  3830 | D:4      | Noticed Duvessa
  3860 | D:4      | Killed Duvessa
  3864 | D:4      | Killed Dowan
  4286 | D:4      | Noticed Natasha
  4293 | D:4      | Learned a level 4 spell: Olgreb's Toxic Radiance
  4296 | D:4      | Learned a level 2 spell: Blink
  4299 | D:4      | Reached XP level 7. HP: 43/43 MP: 6/12
  4302 | D:4      | Killed Natasha
  4679 | D:4      | Noticed Edmund
  4715 | D:4      | HP: 2/43 [Edmund/+1 flail of protection (14)]
  4718 | D:4      | Slain by Edmund

Illustrated notes

Levels and vault maps discovered:
D:1:      dpeg_arrival_stone_temple_mockup, layout_loops_cross,
          hellmonk_ecumenical_altar_leap_of_faith
D:2:      layout_loops_ring, minmay_pentomino_z2
D:3:      layout_loops_ring, lemuel_tele_altar
D:4:      layout_cave_pods, serial_column_ruins, column_ruins_hut_ruined,
          column_ruins_open_small, column_ruins_open_tiny, column_ruins_grid_4,
          column_ruins_open_tiny, column_ruins_columns_straight,
          column_ruins_columns_corner, kennysheep_generic_room_15, uniq_edmund,
          uniq_duvessa, uniq_natasha

Skill      XL: |  1  2  3  4  5  6 |
---------------+-------------------+-----
Fighting       | 1 |  1.1
Poison Magic   | 4 5 |  5.6
Air Magic      | 1 2 3 |  3.0
Conjurations   | 1 2 |  2.9
Spellcasting   | 3 |  3.8
Dodging        | |  2.0
Stealth        | |  2.6
Translocations | |  0.3
Transmutations | |  1.0

Action                     |  1- 3 |  4- 6 |  7- 9 || total
---------------------------+-------+-------+-------++-------
  Melee: Unarmed           |    20 |       |       ||    20
         Tentacles         |    27 |    26 |     7 ||    60
         Constrict         |    21 |    16 |     3 ||    40
         Dagger            |    69 |    82 |    15 ||   166
         Punch             |     2 |     1 |     1 ||     4
   Cast: Sting             |     1 |    10 |     1 ||    12
         Poisonous Vapours |     2 |    18 |     3 ||    23
         Mephitic Cloud    |       |     2 |     1 ||     3
         Olgreb's Toxic Ra |       |     1 |     1 ||     2
  Evoke: Wand              |       |     1 |       ||     1
    Use: Scroll            |       |    11 |       ||    11
         Potion            |       |     1 |       ||     1
   Stab: Sleeping          |    12 |     6 |       ||    18
         Confused          |       |     1 |     1 ||     2
 Armour: Skin              |     7 |     3 |       ||    10
  Dodge: Dodged            |    58 |    60 |     8 ||   126

Table legend: (Time is in decaauts)
 A = Elapsed time spent in this place.
 B = Non-inter-level travel time spent in this place.
 C = Inter-level travel time spent in this place.
 D = Time resting spent in this place.
 E = Time spent auto-exploring this place.
 F = Levels seen in this place.
 G = Mean time per level.
                   A        B        C        D        E       F      G
               +--------+--------+--------+--------+--------+-----+--------+
         Total |   4717 |   4403 |    314 |   1361 |   2454 |   4 | 1179.2 |
       Dungeon |   4717 |   4403 |    314 |   1361 |   2454 |   4 | 1179.2 |
               +--------+--------+--------+--------+--------+-----+--------+

Top non-repeatable levels by time:
     D:4: 1702 daAuts
     D:3: 1175 daAuts
     D:2: 1053 daAuts
     D:1: 785 daAuts
